 Dungeon Crawl Stone Soup version 0.29-a0-477-g62b78b4225 (webtiles) character file.

Game seed: 3569129809417210632

2641 KristoblXynda the Fighter (level 9, -2/81 HPs)
             Began as a Purple Draconian Monk on May 25, 2022.
             Was an Initiate of Gozag.
             Slain by Prince Ribbit (16 damage)
             ... on level 7 of the Dungeon.
             The game lasted 00:08:57 (8940 turns).

KristoblXynda the Fighter (Purple Draconian Monk)   Turns: 8940, Time: 00:08:58

Health: -2/81      AC:  8    Str: 15    XL:     9   Next: 35%
Magic:  9/9        EV: 15    Int: 12    God:    Gozag
Gold:   546        SH:  0    Dex: 15    Spells: 8/8 levels left

rFire   + . .      SeeInvis .     - Unarmed
rCold   . . .      Faith    .   (no shield)
rNeg    + . .      Spirit   .   (body armour unavailable)
rPois   .          Reflect  .   (helmet restricted)
rElec   .          Harm     .   i - +0 cloak
rCorr   .          Rampage  .   (no gloves)
Will    +....                   (no boots)
Stlth   ++........              (no amulet)
HPRegen 0.23/turn               o - ring of protection from fire
MPRegen 0.11/turn               k - ring of positive energy

@: short of breath
A: breathe power, AC +7, unfitting armour, cold-blooded
a: Breathe Dispelling Energy, Renounce Religion, Potion Petition, Call Merchant,
Bribe Branch


You were on level 7 of the Dungeon.
You worshipped Gozag.
Gozag was pleased with you.
You visited 2 branches of the dungeon, and saw 8 of its levels.

You collected 627 gold pieces.
You spent 81 gold pieces at shops.

Inventory:

Armour
 i - a +0 cloak (worn)
Jewellery
 k - a ring of positive energy (right hand)
 l - a ring of fire
 o - a ring of protection from fire (left hand)
Wands
 q - a wand of iceblast (10)
 t - a wand of digging (4)
Scrolls
 c - 2 scrolls of amnesia
 d - 5 scrolls of teleportation
 h - a scroll of poison
 m - 2 scrolls of enchant armour {unknown}
 n - a scroll of blinking {unknown}
 p - a scroll of brand weapon {unknown}
 s - a scroll of fear {unknown}
 u - a scroll of magic mapping {unknown}
Potions
 a - a potion of cancellation {unknown}
 b - 2 potions of heal wounds
 e - 2 potions of ambrosia
 f - a potion of magic
 g - 5 potions of might
 j - a potion of haste {unknown}
 r - a potion of invisibility
 v - a potion of curing
 w - a potion of lignification {unknown}


   Skills:
 + Level 8.2 Fighting
 + Level 6.8 Dodging
 - Level 1.7 Stealth
 + Level 7.5 Unarmed Combat
 + Level 5.0 Evocations


You had 8 spell levels left.
You didn't know any spells.
Your spell library contained the following spells:

 Spells                   Type           Power      Damage    Failure   Level
 Apportation              Tloc           0%         N/A       32%         1
 Necrotize                Necr           0%         1d4       32%         1
 Summon Small Mammal      Summ           0%         N/A       32%         1
 Ignite Poison            Fire/Tmut/Pois 0%         N/A       69%         3
 Mephitic Cloud           Conj/Pois/Air  0%         N/A       69%         3
 Olgreb's Toxic Radiance  Pois           0%         N/A       97%         4
 Fireball                 Conj/Fire      0%         3d3       100%        5
 Freezing Cloud           Conj/Ice/Air   0%         6-21      100%        5
 Starburst                Conj/Fire      0%         6d3       100%        6
 Ozocubu's Refrigeration  Ice            0%         4d5       100%        7
 Ignition                 Fire           0%         3d3       100%        8


Dungeon Overview and Level Annotations

Branches:
Dungeon (7/15)             Temple (1/1) D:4

Altars:
Cheibriados
Elyvilon
Fedhas
Gozag
Hepliaklqana
Kikubaaqudgha
Nemelex Xobeh
Okawaru
Qazlal
Sif Muna
Trog
Vehumet
Xom
Yredelemnul
Zin

Shops:
D:1 **[   D:6 (*

Annotations:
D:5 2 transporters
D:7 Prince Ribbit


Innate Abilities, Weirdness & Mutations

You can breathe bolts of dispelling energy.
Your rich purple scales are hard. (AC +7)
You cannot fit into any form of body armour.
You are cold-blooded and may be slowed by cold attacks.


Message History

You tail-slap Prince Ribbit.
Prince Ribbit is heavily wounded.
The centaur is no longer distracted by gold.
Prince Ribbit hits you! Prince Ribbit barely misses you.
You punch Prince Ribbit!
Prince Ribbit is severely wounded.
Prince Ribbit asks, "Just a little smooch?"
Prince Ribbit hits you!
You are too injured to fight recklessly!
Unknown command.
You barely miss Prince Ribbit.
Prince Ribbit is severely wounded.
The shadow imp is no longer distracted by gold.
Prince Ribbit completely misses you.
You barely miss Prince Ribbit.
Prince Ribbit is severely wounded.
Prince Ribbit hits you.
You hit Prince Ribbit.
Prince Ribbit is severely wounded.
Prince Ribbit hits you. Prince Ribbit closely misses you.
Unknown command.
You miss Prince Ribbit.
You tail-slap Prince Ribbit, but do no damage.
Your punch misses Prince Ribbit.
Prince Ribbit is severely wounded.
Prince Ribbit hits you but does no damage.
You are too injured to fight recklessly!
You hit Prince Ribbit.
Prince Ribbit is severely wounded.
Prince Ribbit closely misses you.
You miss Prince Ribbit.
Prince Ribbit is severely wounded.
Prince Ribbit hits you!
* * * LOW HITPOINT WARNING * * *
You closely miss Prince Ribbit. You tail-slap Prince Ribbit.
Prince Ribbit is almost dead.
Prince Ribbit croaks regally.
Prince Ribbit hits you!
You die...
Your body crumbles into a pile of gold.

...............
..####......... ## ......
.####.......... .. #......
..##........... #.#.......
............... .........
............... .........
.....#...###### #........
.....#..## ####5.......
........#######.@Fc./.....
......#.........##.<......
........##########.$$.....
........# #........
........# #........
<...#.#.# ?........
.#..#.#.# .#.......
##....#.# # #...... .#
.###..


You could see Prince Ribbit, a centaur and a shadow imp.

Vanquished Creatures
  Pikel (D:6)
  Sigmund (D:5)
  Menkaure (D:5)
  Edmund (D:5)
  An orc warrior (D:6)
  An ice beast (D:5)
  An ogre (D:6)
  2 lemures (D:6)
  A phantom (D:5)
  A kobold brigand (D:7)
  A bullfrog (D:6)
  2 scorpions
  2 necrophages (D:6)
  9 killer bees
  An electric eel (D:6)
  3 hounds
  2 jellies
  4 iguanas
  4 orc wizards
  Robin (D:2)
  10 gnolls
  3 adders
  A shadow imp (D:5)
  2 white imps (D:7)
  2 dart slugs
  15 orcs
  10 ball pythons
  8 endoplasms
  4 giant cockroaches
  17 goblins
  4 hobgoblins
  3 jackals (D:5)
  14 kobolds
  10 quokkas
  7 bats
  2 frilled lizards
  7 rats
159 creatures vanquished.

Vanquished Creatures (others)
  A fungus (D:1)
1 creature vanquished.

Grand Total: 160 creatures vanquished

Notes
Turn   | Place    | Note
-------+----------+-------------------------------------------
     0 | D:1      | KristoblXynda the Draconian Monk began the quest for the
                  | Orb.
     0 | D:1      | Reached XP level 1. HP: 19/19 MP: 1/1
   123 | D:1      | Found Qiner's General Store.
   138 | D:1      | You fall into a shaft and drop 1 floor!
   151 | D:2      | Reached XP level 2. HP: 20/26 MP: 2/2
   767 | D:2      | Reached XP level 3. HP: 33/33 MP: 3/3
  1030 | D:2      | Noticed Robin
  1055 | D:2      | Reached skill level 4 in Fighting
  1078 | D:2      | Killed Robin
  1082 | D:2      | Reached XP level 4. HP: 32/40 MP: 4/4
  1414 | D:1      | Found Fedip's Armour Emporium.
  1430 | D:1      | Bought a +0 cloak for 45 gold pieces
  1623 | D:1      | Found Notidwi's General Store.
  1633 | D:1      | Bought a potion of curing for 36 gold pieces
  1849 | D:1      | Found a faded altar of an unknown god.
  2221 | D:3      | Reached XP level 5. HP: 27/47 MP: 5/5
  3603 | D:4      | Reached skill level 5 in Fighting
  3603 | D:4      | Reached XP level 6. HP: 56/56 MP: 6/6
  3641 | D:4      | Found a staircase to the Ecumenical Temple.
  3737 | D:4      | Found an iron altar of Okawaru.
  4623 | Temple   | Entered the Ecumenical Temple
  4680 | Temple   | Became a worshipper of Gozag Ym Sagoz the Greedy
  4841 | D:5      | Entered Level 5 of the Dungeon
  4865 | D:5      | Noticed an ice beast
  4883 | D:5      | Killed an ice beast
  4884 | D:5      | Reached skill level 5 in Unarmed Combat
  5218 | D:5      | Noticed Sigmund
  5218 | D:5      | Noticed Edmund
  5230 | D:5      | Killed Edmund
  5231 | D:5      | Your scales start taking on a rich purple colour.
  5231 | D:5      | Reached XP level 7. HP: 47/62 MP: 7/7
  5239 | D:5      | Killed Sigmund
  5240 | D:5      | Reached skill level 6 in Fighting
  5240 | D:5      | Reached skill level 5 in Dodging
  5597 | D:5      | Reached skill level 1 in Evocations
  5928 | D:5      | Reached XP level 8. HP: 20/71 MP: 8/8
  5981 | D:5      | Noticed Menkaure
  5996 | D:5      | HP: 2/71 [Menkaure (14)]
  6000 | D:5      | Killed Menkaure
  6359 | D:5      | Found a basalt altar of Yredelemnul.
  6391 | D:5      | Found a transporter.
  6412 | D:5      | Found a transporter.
  6425 | D:5      | Reached skill level 7 in Fighting
  7647 | D:6      | Found Vivoid's Weapon Shoppe.
  7938 | D:6      | Noticed Pikel
  8003 | D:6      | Killed Pikel
  8004 | D:6      | Reached skill level 8 in Fighting
  8004 | D:6      | Reached XP level 9. HP: 47/81 MP: 9/9
  8281 | D:6      | Found a radiant altar of Vehumet.
  8411 | D:6      | Found a glowing silver altar of Zin.
  8411 | D:6      | Found Zin's Purification Station.
  8908 | D:7      | Noticed Prince Ribbit
  8920 | D:7      | Reached skill level 5 in Evocations
  8940 | D:7      | Slain by Prince Ribbit

Illustrated notes

Levels and vault maps discovered:
D:1:      nzn_arrival_crosshair, layout_basic,
          shapermc_ecumenical_altar_mp_urbaneastern, serial_shops,
          nicolae_square_shop, shop, nicolae_lakefront_shop,
          grunt_decor_junction
D:2:      layout_basic, chequers_serial_rivers_small_3, uniq_robin
D:3:      layout_rooms
D:4:      layout_loops_corners, mainiacjoe_overflow_small_starburst,
          minmay_temple_entry_statues
D:5:      gammafunk_steamed_eel, layout_loops_cross,
          mainiacjoe_overflow_alcove_2, kennysheep_small_square, uniq_sigmund,
          uniq_menkaure, uniq_edmund
D:6:      layout_loops_ring, zin_purify, vehumet_crystals, serial_shops,
          nicolae_shop_bloodbath_and_beyond, amcnicky_mini_pool_medium,
          uniq_pikel
D:7:      layout_rooms, st_stairs_11, minmay_liquid_box, minivault_25,
          uniq_duvessa, uniq_prince_ribbit1
Temple:   bh_familiar_temple

Skill      XL: |  1  2  3  4  5  6  7  8  9 |
---------------+----------------------------+-----
Dodging        | 3 4 5 6 |  6.8
Fighting       | 4 5 6 8 |  8.2
Unarmed Combat | 4 5 6 7 |  7.5
Evocations     | 1 4 5 |  5.0
Stealth        | |  1.7

Action                   |  1- 3 |  4- 6 |  7- 9 || total
-------------------------+-------+-------+-------++-------
Melee: Unarmed           |   141 |   245 |   312 ||   698
       Tailslap          |    13 |    35 |    41 ||    89
       Punch             |     3 |     8 |    13 ||    24
 Abil: Breathe Dispellin |       |       |     8 ||     8
Evoke: Wand              |       |       |     6 ||     6
  Use: Potion            |     1 |     1 |     4 ||     6
       Scroll            |       |     7 |     3 ||    10
 Stab: Sleeping          |     1 |    10 |       ||    11
       Distracted        |       |       |     5 ||     5
Armor: Skin              |    40 |    71 |    81 ||   192
Dodge: Dodged            |   107 |   166 |   184 ||   457

Table legend: (Time is in decaauts)
 A = Elapsed time spent in this place.
 B = Non-inter-level travel time spent in this place.
 C = Inter-level travel time spent in this place.
 D = Time resting spent in this place.
 E = Time spent auto-exploring this place.
 F = Levels seen in this place.
 G = Mean time per level.
                   A        B        C        D        E       F      G
               +--------+--------+--------+--------+--------+-----+--------+
         Total |   8888 |   8687 |    201 |   2769 |   4558 |   8 | 1111.0 |
       Dungeon |   8700 |   8518 |    182 |   2769 |   4402 |   7 | 1242.9 |
        Temple |    187 |    168 |     19 |      0 |    156 |   1 |  187.0 |
               +--------+--------+--------+--------+--------+-----+--------+

Top non-repeatable levels by time:
     D:5: 2235 daAuts
     D:2: 1887 daAuts
     D:6: 1533 daAuts
     D:4: 1182 daAuts
     D:1: 803 daAuts
     D:3: 770 daAuts
     D:7: 289 daAuts
  Temple: 187 daAuts
